 Dungeon Sprint DCSS version 0.21.2 (webtiles) character file.

1400000 Fang the Severer (level 12, -11/102 HPs)
             Began as a Demonspawn Gladiator on Feb 5, 2019.
             Was a Follower of Makhleb.
             Mangled by a meat berserker
             ... wielding a +9 battleaxe
              (56 damage)
             ... in the Dungeon (Sprint VIII: "Arena of Blood").
             The game lasted 00:00:53 (14 turns).

Fang the Severer (Demonspawn Gladiator)               Turns: 14, Time: 00:00:54

Health: -11/102    AC:  8    Str: 19    XL:     12   Next: 96%
Magic:  12/12      EV: 26    Int:  9    God:    Makhleb [*.....]
Gold:   0          SH:  0    Dex: 16    Spells: 11/11 levels left

rFire    . . .     SeeInvis .   l - +∞ Axe of Woe
rCold    . . .     Gourm    .   (shield currently unavailable)
rNeg     . . .     Faith    .   b - +0 leather armour
rPois    .         Spirit   .   c - +0 helmet
rElec    .         Reflect  .   (no cloak)
rCorr    .         Harm     .   (no gloves)
MR       .....     NoTele   +   (no boots)
Stlth    +.........             (no amulet)
HPRegen  0.27/turn              (no ring)
MPRegen  0.13/turn              (no ring)

@: no status effects
A: hooves 1, iridescent scales 2, powered by pain 3
a: Renounce Religion


You were in the Dungeon.
You worshipped Makhleb.
Makhleb was aware of your devotion.
You were not hungry.

You visited 1 branch

Inventory:

Hand Weapons
 a - a +0 war axe
 l - the +∞ Axe of Woe (weapon)
   (You found it in the Dungeon)
Missiles
 d - 3 throwing nets (quivered)
Armour
 b - a +0 leather armour (worn)
 c - a +0 helmet (worn)
Scrolls
 k - a scroll of blinking
Potions
 e - a potion of curing
 g - a potion of heal wounds
 h - a potion of haste
 i - 2 potions of magic
 j - a potion of berserk rage
Comestibles
 f - a ration


   Skills:
 + Level 12.1 Fighting
 + Level 19.2 Axes
 + Level 10.5 Throwing
 + Level 18.5 Dodging


You had 11 spell levels left.
You didn't know any spells.

Dungeon Overview and Level Annotations

Branches:
Dungeon (1/1)

Altars:
Makhleb


Innate Abilities, Weirdness & Mutations

You have large cloven feet.
You are mostly covered in iridescent scales. (AC +4)
You are powered by pain.


Message History

Your Throwing skill increases to level 10!
Your Dodging skill gained 2 levels and is now at level 18!
You have reached level 12!
Your experience leads to an increase in your attributes!
Increase (S)trength, (I)ntelligence, or (D)exterity?
You feel stronger.
You feel agile.
You hear a shout! x2
The meat berserker rages.
You hear a shout! x9
The meat berserker rages.
The meat berserker hits you with a +9 battleaxe!!!
Ouch! That really hurt!
You hear a shout!
You are too injured to fight recklessly!
You are too injured to fight recklessly!
A bag of meat comes into view. It is wielding a +9 war axe.
The bag of meat shouts!
You hear a shout! x8
The meat berserker hits you with a +9 battleaxe!!!
Ouch! That really hurt!
You die...

..........
.....o...
......... #.....
.# .. #.... ..#
...###... ..###.
.......)###......
#.....O@._......
......#.O...#...
..... #_)<._#
.... #.....# #..
....._......
........###......
...###... ..###.
. #... ..# #..O
.#


You could see 2 meat berserkers and a bag of meat.

Vanquished Creatures
  2 orcs (D)
2 creatures vanquished.

Notes
Turn   | Place    | Note
-------+----------+-------------------------------------------
     0 | D        | Found the +∞ Axe of Woe
     0 | D        | Fang the Demonspawn Gladiator began the quest for the Orb.
     0 | D        | Reached XP level 1. HP: 16/16 MP: 1/1
     4 | D        | Noticed a bag of meat
     4 | D        | Became a worshipper of Makhleb the Destroyer
     9 | D        | Noticed a meat berserker
    11 | D        | Noticed a bag of meat
    11 | D        | Killed a bag of meat
    11 | D        | Reached skill level 10 in Fighting
    11 | D        | Reached skill level 16 in Axes
    11 | D        | Gained mutation: You are partially covered in iridescent scales. (AC +2) [demonic ancestry]
    11 | D        | Reached XP level 2. HP: 36/36 MP: 2/2
    11 | D        | Gained mutation: You sometimes gain a little power by taking damage. [demonic ancestry]
    11 | D        | Reached XP level 3. HP: 42/42 MP: 3/3
    11 | D        | Reached XP level 4. HP: 48/48 MP: 4/4
    11 | D        | Gained mutation: You sometimes gain power by taking damage. [demonic ancestry]
    11 | D        | Reached XP level 5. HP: 54/54 MP: 5/5
    11 | D        | Reached XP level 6. HP: 61/61 MP: 6/6
    11 | D        | Gained mutation: You have large cloven feet. [demonic ancestry]
    11 | D        | Reached XP level 7. HP: 67/67 MP: 7/7
    11 | D        | Reached XP level 8. HP: 73/73 MP: 8/8
    11 | D        | Gained mutation: You are mostly covered in iridescent scales. (AC +4) [demonic ancestry]
    11 | D        | Reached XP level 9. HP: 79/79 MP: 9/9
    11 | D        | Gained mutation: You are powered by pain. [demonic ancestry]
    11 | D        | Reached XP level 10. HP: 86/86 MP: 10/10
    11 | D        | Reached XP level 11. HP: 92/92 MP: 11/11
    13 | D        | Noticed a meat berserker
    13 | D        | Killed a bag of meat
    13 | D        | Reached * piety under Makhleb
    13 | D        | Reached skill level 19 in Axes
    13 | D        | Reached skill level 10 in Throwing
    13 | D        | Reached XP level 12. HP: 102/102 MP: 12/12
    14 | D        | Noticed a bag of meat
    14 | D        | Mangled by a meat berserker

Skill      XL: |  1  2  3  4  5  6  7  8  9 10 11 |
---------------+----------------------------------+-----
Fighting       | 10 12 | 12.1
Axes           | 16 19 | 19.2
Throwing       | 9 10 | 10.5
Dodging        | 16 18 | 18.5

Action                   |  1- 3 |  4- 6 |  7- 9 | 10-12 || total
-------------------------+-------+-------+-------+-------++-------
Melee: Executioner's axe |     1 |       |       |     1 ||     2
